 Dungeon Crawl Stone Soup version 0.31-a0-180-g519b7de00c (webtiles) character file.

Game seed: 10398937689405307087

73033 Elmgren the Warrior (level 15, -8/152 HPs)
             Began as a Minotaur Berserker on June 20, 2023.
             Was a High Priest of Trog.
             Mangled by a ten-headed hydra (12 damage)
             ... on level 1 of the Snake Pit.
             The game lasted 01:26:03 (24673 turns).

Elmgren the Warrior (Minotaur Berserker)           Turns: 24673, Time: 01:26:04

Health: -8/152     AC: 25    Str: 29    XL:     15   Next: 2%
Magic:  14/14      EV:  9    Int:  4    God:    Trog [*****.]
Gold:   1680       SH:  0    Dex: 10    Spells: 14/14 levels left

rFire   . . .        e - +2 executioner's axe (vamp)
rCold   . . .        (shield currently unavailable)
rNeg    . . .        r - +2 plate armour
rPois   +            y - +1 hat
rElec   .            D - +0 cloak
rCorr   .            (no gloves)
SInv    .            U - +1 pair of boots
Will    +....        E - amulet of Majath {Faith +Blink} Stlth
                     M - ring of flight {+Fly}
HPRegen 0.45/turn    J - ring of poison resistance {rP+}
MPRegen 0.14/turn

%: faith
@: on berserk cooldown, flying, slowed, very slow
A: horns 2, retaliatory headbutt
a: Renounce Religion, Evoke Blink, Berserk, Trog's Hand, Brothers in Arms


You were on level 1 of the Snake Pit.
You worshipped Trog.
Trog was extremely pleased with you.
You visited 4 branches of the dungeon, and saw 21 of its levels.
You also visited: Ossuary.

You collected 1680 gold pieces.

Inventory:

Hand Weapons
 e - a +2 vampiric executioner's axe (weapon)
   (You acquired it on level 1 of the Lair of Beasts)
Missiles
 A - 2 throwing nets (quivered) {=f, !d}
Armour
 b - the +4 skin of Zhor {*Englaciate rC+++ SInv}
   (You found it on level 13 of the Dungeon)

   *Englaciate: It radiates cold, occasionally slowing all nearby creatures who
   are not resistant to cold.
   rC:        It renders you almost immune to cold.
   SInv:      It lets you see invisible.
 r - a +2 plate armour (worn)
   (You found it on level 3 of the Dungeon)
 y - a +1 hat (worn)
   (You found it on level 2 of the Lair of Beasts)
 D - a +0 cloak (worn)
   (You took it off Maurice on level 9 of the Dungeon)
 T - a +2 kite shield of cold resistance
   (You took it off a naga warrior on level 1 of the Snake Pit)
 U - a +1 pair of boots (worn)
   (You found it on level 3 of the Lair of Beasts)
Jewellery
 m - a ring of positive energy {rN+}
   (You took it off a kobold on level 4 of the Dungeon)
 n - a +6 ring of intelligence
   (You found it on level 1 of the Lair of Beasts)
 u - an amulet of faith {Faith, !P}
   (You found it on level 5 of the Dungeon)
 E - the amulet of Majath (around neck) {Faith +Blink}
   (You found it on level 2 of the Lair of Beasts)

   [amulet of faith]

   It allows you to gain divine favour quickly.
   +Blink:    It lets you blink.
 J - a ring of poison resistance (right hand) {rP+}
   (You found it on level 11 of the Dungeon)
 M - a ring of flight (left hand) {+Fly}
   (You took it off an orc warrior on level 11 of the Dungeon)
 O - a ring of willpower
   (You found it on level 3 of the Lair of Beasts)
 X - a +6 ring of intelligence
   (You found it on level 12 of the Dungeon)
Wands
 g - a wand of light (12)
   (You found it on level 4 of the Dungeon)
 v - a wand of mindburst (10)
   (You found it on level 1 of the Lair of Beasts)
 B - a wand of flame (8)
   (You took it off Joseph on level 8 of the Dungeon)
 K - a wand of roots (9)
   (You found it on level 11 of the Dungeon)
 L - a wand of charming (12)
   (You found it on level 11 of the Dungeon)
 S - a wand of polymorph (3)
   (You found it on level 11 of the Dungeon)
Scrolls
 d - 3 scrolls of vulnerability {!r!r}
 i - 4 scrolls of teleportation {!r!d, @r3}
 j - 6 scrolls of amnesia
 q - 4 scrolls of revelation
 s - a scroll of fear
 w - 3 scrolls of blinking {!r!d}
 G - a scroll of enchant armour
 N - 3 scrolls of fog
 P - a scroll of brand weapon
 V - 4 scrolls of summoning
Potions
 a - 7 potions of attraction {!q}
 c - 2 potions of cancellation {unknown}
 f - 8 potions of might
 h - 5 potions of curing {@q1, !d}
 k - 3 potions of lignification {!q}
 l - 3 potions of enlightenment
 o - a potion of berserk rage {!q}
 t - a potion of resistance {unknown}
 x - 5 potions of degeneration {!q}
 z - 3 potions of heal wounds {unknown}
 C - a potion of haste {unknown}
 F - a potion of ambrosia
 I - 4 potions of brilliance
 R - a potion of mutation {unknown}
Miscellaneous
 p - a piece from Xom's chessboard (15/15)
   (You found it on level 1 of the Lair of Beasts)
 H - a condenser vane
   (You found it on level 9 of the Dungeon)
 Q - a phantom mirror
   (You found it on level 11 of the Dungeon)


   Skills:
 + Level 19.0 Fighting
 + Level 18.8 Axes
 + Level 17.8 Armour
 - Level 2.1 Dodging


You had 14 spell levels left.
You didn't know any spells.
Your spell library contained the following spells:

 Spells                   Type           Power      Damage    Failure   Level
 Poisonous Vapours        Pois/Air       0%         N/A       99%         2
 Mephitic Cloud           Conj/Pois/Air  0%         N/A       100%        3
 Freezing Cloud           Conj/Ice/Air   0%         6-21      100%        5


Dungeon Overview and Level Annotations

Branches:
Dungeon (13/15)            Temple (0/1) D:7            Lair (5/5) D:8
 Shoals (0/4) Lair:3        Snake (1/4) Lair:3          Orc (2/2) D:12
    Elf (0/3) Orc:2        Vaults (0/5) D:13        Ossuary (visited)
  Slime: Lair:4-5

Altars:
Cheibriados
Gozag
Makhleb
Nemelex Xobeh
Sif Muna
Vehumet
Zin

Shops:
D:1 *:[   D:3 (   D:6 [   Orc:2 !!

Portals:
Trove: D:10 (give sphere of Battle)


Innate Abilities, Weirdness & Mutations

You have a pair of horns on your head.
You reflexively headbutt those who attack you in melee.


Message History

Okay, then.
You throw a throwing net {=f, !d}.
The throwing net {=f, !d} hits the goliath frog.
The goliath frog is caught in the net!
The goliath frog struggles against the net.
The snapping turtle bites you but does no damage.
The eight-headed hydra bites you!
The eight-headed hydra closely misses you.
The eight-headed hydra bites you but does no damage. x3
The eight-headed hydra bites you!
The eight-headed hydra bites you but does no damage.
The eight-headed hydra bites you. The snapping turtle bites you.
The goliath frog struggles against the net.
You take 24 damage, and have 57/152 hp.
Really read
w - 4 scrolls of blinking {!r!d}?
Blink to where?
Press: ? - help, Dir - move target, p - goliath frog
As you read the scroll of blinking {!r!d}, it crumbles to dust.
The goliath frog struggles against the net.
The eight-headed hydra attacks as you move away!
The eight-headed hydra bites you but does no damage.
The eight-headed hydra closely misses you.
The eight-headed hydra bites you but does no damage. x6
The eight-headed hydra closely misses you.
The eight-headed hydra completely misses you. x2
The eight-headed hydra bites you!
The eight-headed hydra barely misses you.
The eight-headed hydra bites you but does no damage. x3
You take 9 damage, and have 51/152 hp.
A red film seems to cover your vision as you go berserk!
You feel yourself moving faster!
You feel mighty!
The eight-headed hydra bites you but does no damage.
The eight-headed hydra bites you. x3
* * * LOW HITPOINT WARNING * * *
The eight-headed hydra barely misses you.
The eight-headed hydra bites you but does no damage. x3
You now have 68/228 hp.
You barely miss the eight-headed hydra. You headbutt the eight-headed hydra!
The eight-headed hydra closely misses you.
You furiously retaliate!
You headbutt the eight-headed hydra!
The eight-headed hydra bites you but does no damage. x2
The eight-headed hydra closely misses you.
The eight-headed hydra barely misses you.
The eight-headed hydra bites you but does no damage.
The eight-headed hydra bites you.
* * * LOW HITPOINT WARNING * * *
The eight-headed hydra bites you!
* * * LOW HITPOINT WARNING * * *
You take 14 damage, and have 54/228 hp.
You chop one of the eight-headed hydra's heads off!
The seven-headed hydra grows two more!
You hit the nine-headed hydra. You headbutt the nine-headed hydra!
The nine-headed hydra bites you but does no damage.
The nine-headed hydra misses you.
The nine-headed hydra bites you but does no damage. x6
The nine-headed hydra bites you!
* * * LOW HITPOINT WARNING * * *
The snapping turtle barely misses you.
You take 9 damage, and have 45/228 hp.
You slice one of the nine-headed hydra's heads off!
The eight-headed hydra grows two more!
You slice the ten-headed hydra!! The ten-headed hydra bites you!
* * * LOW HITPOINT WARNING * * *
The ten-headed hydra closely misses you.
The ten-headed hydra bites you!
* * * LOW HITPOINT WARNING * * *
The ten-headed hydra misses you. The ten-headed hydra barely misses you.
The ten-headed hydra bites you but does no damage. x3
The ten-headed hydra bites you.
* * * LOW HITPOINT WARNING * * *
The ten-headed hydra bites you but does no damage.
The snapping turtle bites you but does no damage.
You take 23 damage, and have 22/228 hp.
The ten-headed hydra attacks as you move away!
The ten-headed hydra barely misses you.
The ten-headed hydra bites you but does no damage. x2
The ten-headed hydra barely misses you.
The ten-headed hydra bites you but does no damage. x6
You feel a strong urge to attack something.
The ten-headed hydra attacks as you move away!
The ten-headed hydra bites you but does no damage. x3
The ten-headed hydra bites you.
* * * LOW HITPOINT WARNING * * *
The ten-headed hydra bites you but does no damage. x3
The ten-headed hydra bites you.
* * * LOW HITPOINT WARNING * * *
The ten-headed hydra barely misses you. The ten-headed hydra bites you.
* * * LOW HITPOINT WARNING * * *
You are no longer berserk.
You are exhausted.
You feel as though you will be slow longer.
Things that are here:
a +0 robe; a +0 battleaxe; a +0 short sword You now have 7/152 hp.
The ten-headed hydra bites you but does no damage.
The ten-headed hydra bites you.
* * * LOW HITPOINT WARNING * * *
The ten-headed hydra bites you but does no damage. x3
The ten-headed hydra bites you!
You die...

######## #### #......#
#... #......# #.##
#......# #.# #......#
#.# #.(.D÷.# #.#
###.#@.######### #.#
###
#.#..........####.#
..###
#t#.########......#
..#.##
###S#.################
#†...###
#..F..#...............
##~...S#
#.#...#.##############
##..)#[#####S##.##.#
#...#SFt†....##....#
...#################


You could see a ten-headed hydra.

Vanquished Creatures
  Snorg (Lair:3)
  An ettin (D:13)
  2 hydras (Lair:2 Snake:1)
  A two-headed ogre (D:9)
  4 centaur warriors (D:13)
  5 death yaks (Lair:4)
  2 boulder beetles (D:11 D:13)
  The ghost of soepkip the Fighter, a novice MiFi of Okawaru (D:10)
  3 alligator snapping turtles (Snake:1)
  A naga warrior (Snake:1)
  A tengu warrior (D:13)
  3 orc high priests (Orc:2)
  A sixfirhy (Orc:2)
  A goliath frog (Snake:1)
  A wizard (D:13)
  A naga ritualist (Snake:1)
  6 orc knights (Orc:1 Orc:2)
  4 mana vipers (Snake:1)
  An ugly thing (D:11)
  2 manticores (Lair:3 D:13)
  2 cyclopes (D:11 D:12)
  4 orc sorcerers (Orc:2)
  Maurice (D:9)
  A torpor snail (D:13)
  8 elephants (Lair:2 Lair:4)
  Joseph (D:8)
  2 guardian serpents (Snake:1)
  A smoke demon (Orc:2)
  6 black mambas (Lair:1 Snake:1)
  8 cane toads (Lair:1 Lair:2 Lair:3 Lair:4)
  A gargoyle (D:12)
  A cane toad (shapeshifter) (D:13)
  8 rime drakes (Lair:1 Lair:4 D:13)
  2 kobold demonologists (D:10 D:13)
  11 komodo dragons (D:10 D:11 Lair:1 Lair:2 Lair:3)
  2 unseen horrors (D:12 D:13)
  A freezing wraith (D:12)
  3 trolls (D:11 D:12 Orc:2)
  A tengu conjurer (D:13)
  A polar bear (Lair:3)
  A wind drake (Lair:3)
  A wolf spider simulacrum (D:13)
  A snapping turtle (Snake:1)
  24 blink frogs (Lair:1 Lair:2 Lair:3 Lair:4)
  Sigmund (D:4)
  9 slime creatures (D:12)
  A shadow (D:10)
  2 wraiths (D:13)
  53 yaks (D:8 D:9 D:10 D:11 Lair:1)
  A human (D:12)
  3 basilisks (Lair:2 Lair:4)
  2 steam dragons (D:9 Lair:4)
  8 vampire mosquitoes (D:11 D:12 D:13)
  A fire elemental (D:11)
  A chaos spawn (Orc:2)
  2 wargs (D:12 Orc:2)
  5 nagas (Lair:3 Snake:1)
  19 water moccasins (D:6 D:8 Lair:2 Lair:1 Lair:3)
  20 orc warriors (D:10 D:11 D:12 Orc:2 Orc:1)
  3 black bears (D:3 D:7 D:8)
  4 ice beasts (D:5 D:6 D:7)
  3 sky beasts (D:5 D:7)
  4 wolves (Lair:4)
  2 ogres (Orc:1 Orc:2)
  A phantom (D:5)
  6 centaurs (D:7 D:9 D:10)
  An elf zombie (Ossuary)
  2 kobold brigands (D:8 D:10)
  19 bullfrogs (D:5 D:7 D:8 D:9 Lair:1)
  A gnoll sergeant (D:6)
  5 scorpions (D:5 D:8)
  13 wights (D:8)
  6 killer bees (D:9)
  An electric eel (Lair:2)
  4 howler monkeys (D:6 D:8 D:11)
  26 orc priests (D:6 D:7 D:8 D:9 D:12)
  3 hounds (D:5 D:7)
  5 iguanas (D:5 Lair:2)
  A sleepcap (D:5)
  14 orc wizards (D:4 D:5 D:7 D:9 D:10)
  2 hound zombies (Ossuary)
  3 mummies (Ossuary)
  14 gnolls (D:4 D:6 D:7)
  4 adders (D:5)
  A shadow imp (D:6)
  7 white imps (D:5 D:6 D:7 D:8)
  5 ufetubi (D:4 D:5 D:6 D:7)
  4 adder zombies (Ossuary)
  2 worms (D:3 D:4)
  2 dart slugs (D:2 D:3)
  69 orcs (D:4 D:5 D:6 D:7 D:8)
  4 bats (D:1 D:2 D:3)
  4 endoplasms (D:1 D:4)
  3 giant cockroaches (D:1 D:2 D:4)
  A gnoll zombie (Ossuary)
  11 goblins (D:1 D:2 D:3 D:7)
  9 hobgoblins (D:1 D:2 D:3 D:4)
  4 jackals (D:1)
  15 kobolds (D:2 D:1 D:3 D:4 D:10)
  5 quokkas (D:1 D:2 D:4)
  5 ball pythons (D:1 D:2 D:3 D:4)
  2 frilled lizards (D:3)
  2 goblin zombies (Ossuary)
  4 hobgoblin zombies (Ossuary)
  4 jackal zombies (Ossuary)
  4 kobold zombies (Ossuary)
  2 orc zombies (Ossuary)
  6 quokka zombies (Ossuary)
  9 rats (D:2 D:1 D:3)
  3 rat zombies (Ossuary)
596 creatures vanquished.

Vanquished Creatures (collateral kills)
  A hydra (Lair:3)
  An ice dragon (D:13)
  A catoblepas (Lair:1)
  An orc sorcerer (Orc:2)
  A cane toad (Lair:3)
  3 rime drakes (D:13)
  3 blink frogs (Lair:3)
  3 orc warriors (Orc:2)
  An orc priest (Orc:2)
  3 orcs (Orc:2)
18 creatures vanquished.

Grand Total: 614 creatures vanquished

Notes
Turn   | Place    | Note
-------+----------+-------------------------------------------
     0 | D:1      | Elmgren the Minotaur Berserker began the quest for the Orb.
     0 | D:1      | Reached XP level 1. HP: 19/19 MP: 0/0
    90 | D:1      | You fall into a shaft and drop 1 floor!
   177 | D:1      | Found Kuomupn's General Store.
   197 | D:1      | Reached skill level 4 in Fighting
   197 | D:1      | Reached skill level 4 in Axes
   252 | D:1      | Reached XP level 2. HP: 27/27 MP: 1/1
   400 | D:1      | Found Rosoric's Weapon Boutique.
   407 | D:1      | Found Qihyfoed's Book Shoppe.
   446 | D:1      | Found Elle Qir's Antique Armour Emporium.
   654 | D:1      | Reached XP level 3. HP: 31/34 MP: 2/2
  1043 | D:2      | Reached ** piety under Trog
  1697 | D:3      | Noticed a black bear
  1699 | D:3      | HP: 16/34 [black bear (4)]
  1706 | D:3      | Killed a black bear
  1707 | D:3      | Reached skill level 5 in Fighting
  1707 | D:3      | Reached skill level 5 in Axes
  1707 | D:3      | Reached XP level 4. HP: 13/42 MP: 3/3
  1707 | D:3      | Reached XP level 5. HP: 15/48 MP: 4/4
  1996 | D:3      | Found Usunk's Antique Weapon Shoppe.
  2012 | D:3      | Identified the +1 robe of the Everdark {Harm rPois}
  2589 | D:3      | Identified a scroll of acquirement
  2589 | D:3      | Acquired a +4 battleaxe of electrocution
  2822 | D:4      | Reached skill level 6 in Fighting
  2822 | D:4      | Reached skill level 6 in Axes
  3272 | D:4      | Noticed Sigmund
  3293 | D:4      | Reached XP level 6. HP: 53/58 MP: 5/5
  3298 | D:4      | Killed Sigmund
  3299 | D:4      | Reached skill level 7 in Fighting
  3299 | D:4      | Reached skill level 7 in Axes
  3848 | D:5      | Entered Level 5 of the Dungeon
  3873 | D:5      | Reached XP level 7. HP: 52/66 MP: 6/6
  3982 | D:5      | Reached skill level 3 in Armour
  4105 | D:5      | Reached *** piety under Trog
  4218 | D:5      | Reached skill level 4 in Armour
  4393 | D:5      | Identified the +0 cloak "Pieteaq" {rElec rCorr Str-3}
  4666 | D:5      | Reached skill level 8 in Fighting
  4666 | D:5      | Reached skill level 8 in Axes
  4925 | D:5      | Reached XP level 8. HP: 54/74 MP: 7/7
  4998 | D:5      | Reached skill level 5 in Armour
  5182 | D:6      | Found Bixise's Antique Armour Boutique.
  5193 | D:6      | Reached skill level 9 in Fighting
  5193 | D:6      | Reached skill level 9 in Axes
  5195 | D:6      | HP: 58/117 [gnoll/+0 halberd[a gnoll sergeant] (3)]
  5196 | D:6      | Reached skill level 6 in Armour
  5200 | D:6      | HP: 32/117 [gnoll/+0 halberd[a gnoll sergeant] (11)]
  5228 | D:6      | HP: 33/78 [shadow imp (1)]
  5842 | D:7      | Found a sand-covered staircase.
  5853 | Ossuary  | Entered an ossuary
  5878 | Ossuary  | Reached **** piety under Trog
  6252 | D:7      | Reached XP level 9. HP: 85/85 MP: 8/8
  6283 | D:7      | Reached skill level 7 in Armour
  6358 | D:7      | Found a staircase to the Ecumenical Temple.
  6384 | D:7      | Reached ***** piety under Trog
  6433 | D:7      | Found a flagged portal.
  6440 | D:7      | Reached skill level 10 in Fighting
  6440 | D:7      | Reached skill level 10 in Axes
  6965 | D:8      | Reached skill level 8 in Armour
  6968 | D:8      | Found a staircase to the Lair.
  7260 | D:8      | Noticed Joseph
  7277 | D:8      | Killed Joseph
  7278 | D:8      | Reached skill level 11 in Fighting
  7278 | D:8      | Reached skill level 11 in Axes
  7498 | D:8      | Found an opulent altar of Gozag.
  7498 | D:8      | Found a sparkling altar of Nemelex Xobeh.
  7504 | D:8      | Reached XP level 10. HP: 90/96 MP: 9/9
  7508 | D:8      | Reached skill level 9 in Armour
  7607 | D:8      | Found a radiant altar of Vehumet.
  7840 | D:8      | Found a burning altar of Makhleb.
  8772 | D:9      | Noticed Maurice
  8806 | D:9      | Killed Maurice
  9027 | D:9      | Found a shimmering blue altar of Sif Muna.
  9402 | D:9      | Reached skill level 12 in Fighting
  9402 | D:9      | Reached skill level 10 in Armour
  9403 | D:9      | Reached skill level 12 in Axes
  9737 | D:9      | Identified the +1 robe of Disguise {rPois rCorr Str+4
                  | Int-4}
 10660 | D:10     | Entered Level 10 of the Dungeon
 10682 | D:10     | Noticed a two-headed ogre
 10694 | D:9      | Killed a two-headed ogre
 11135 | D:10     | Reached XP level 11. HP: 106/106 MP: 10/10
 11337 | D:10     | Noticed soepkip's ghost (novice MiFi)
 11339 | D:10     | Found a runed translucent door.
 11376 | D:10     | Reached skill level 11 in Armour
 11595 | D:10     | Found a portal to a secret trove of treasure.
 11646 | D:10     | Killed soepkip's ghost
 11647 | D:10     | Reached skill level 13 in Fighting
 11647 | D:10     | Reached skill level 13 in Axes
 12284 | D:11     | Found a snail-covered altar of Cheibriados.
 12296 | D:11     | Noticed a boulder beetle
 12304 | D:11     | Noticed a purple ugly thing
 12306 | D:11     | Killed a boulder beetle
 12317 | D:11     | HP: 48/107 [purple ugly thing (11)]
 12523 | D:11     | Killed a purple ugly thing
 12661 | D:11     | Reached skill level 12 in Armour
 13127 | D:11     | HP: 44/108 [komodo dragon (21)]
 13534 | Lair:1   | Entered Level 1 of the Lair of Beasts
 13562 | Lair:1   | Reached skill level 14 in Fighting
 13614 | Lair:1   | Reached skill level 14 in Axes
 13618 | Lair:1   | HP: 55/110 [yak (4)]
 13978 | Lair:1   | Reached XP level 12. HP: 118/118 MP: 11/11
 14234 | Lair:1   | You fall into a shaft and drop 1 floor!
 14242 | Lair:2   | Reached skill level 13 in Armour
 14502 | Lair:1   | Identified the +4 chain mail "Jalutz" {Int+4}
 14594 | Lair:1   | Acquired a +2 vampiric executioner's axe
 14614 | Lair:1   | Noticed a catoblepas
 14621 | Lair:1   | Killed a catoblepas
 14870 | Lair:1   | Reached skill level 15 in Fighting
 15447 | Lair:2   | Reached skill level 15 in Axes
 15576 | Lair:2   | Identified the amulet of Majath {Faith +Blink}
 15789 | Lair:2   | Reached skill level 14 in Armour
 16011 | Lair:2   | Noticed an eight-headed hydra
 16018 | Lair:2   | Killed a ten-headed hydra
 16348 | Lair:3   | Noticed a six-headed hydra
 16357 | Lair:3   | Killed an eight-headed hydra
 16363 | Lair:3   | HP: 55/122 [blink frog (11)]
 16370 | Lair:3   | Reached skill level 16 in Fighting
 16370 | Lair:3   | Reached XP level 13. HP: 63/128 MP: 12/12
 16677 | Lair:3   | Found a staircase to the Shoals.
 16709 | Lair:3   | Identified the +1 robe of the Distant Future {Str+3}
 16734 | Lair:3   | Noticed Snorg
 16745 | Lair:3   | Killed Snorg
 16897 | Lair:3   | Reached skill level 16 in Axes
 17033 | Lair:3   | Found a staircase to the Snake Pit.
 17167 | Lair:3   | Received a gift from Trog
 17783 | Lair:4   | Reached skill level 15 in Armour
 17870 | Lair:4   | HP: 89/195 [death yak (15)]
 18150 | Lair:4   | Found a glowing silver altar of Zin.
 18183 | Lair:4   | Reached skill level 17 in Fighting
 18382 | Lair:4   | Received a gift from Trog
 18578 | Lair:4   | Reached skill level 17 in Axes
 19068 | Lair:5   | Entered Level 5 of the Lair of Beasts
 19068 | Lair:5   | Found a shimmering blue altar of Sif Muna.
 19332 | D:12     | Reached skill level 16 in Armour
 19333 | D:12     | Identified the +10 dagger "Aubergine" {elec, rPois rC+
                  | Int+3}
 19857 | D:12     | Found a staircase to the Orcish Mines.
 20045 | D:13     | Found the +4 skin of Zhor {*Englaciate rC+++ SInv}
 20136 | D:13     | Reached XP level 14. HP: 140/140 MP: 13/13
 20353 | D:13     | Received a gift from Trog
 20766 | D:13     | Reached skill level 18 in Fighting
 20964 | D:13     | HP: 68/143 [freezing wraith (15)]
 20979 | D:12     | HP: 94/214 [freezing wraith (15)]
 21214 | D:13     | Found a gate to the Vaults.
 21306 | Orc:1    | Entered Level 1 of the Orcish Mines
 21484 | Orc:2    | Entered Level 2 of the Orcish Mines
 21489 | Orc:2    | Reached skill level 18 in Axes
 21511 | Orc:2    | Reached skill level 17 in Armour
 21878 | Orc:2    | Found a staircase to the Elven Halls.
 22284 | Orc:2    | Found Onod's Distillery.
 22311 | Orc:2    | Found Moaph's Distillery.
 22351 | Orc:2    | HP: 45/140 [orc sorcerer/bolt of fire (32)]
 22353 | Orc:2    | HP: 19/140 [smoke demon/ball of steam (15)]
 22869 | Orc:2    | Reached ****** piety under Trog
 22878 | Orc:2    | HP: 71/144 [orc knight/+0 glaive (19)]
 22883 | Orc:2    | HP: 58/144 [red devil/+0 trident (4)]
 22891 | Orc:2    | HP: 38/144 [red devil/+0 trident (12)]
 22911 | Orc:2    | HP: 50/141 [orc/+3 mace (3)]
 23149 | Orc:2    | HP: 62/136 [orc sorcerer/bolt of fire (12)]
 23149 | Orc:2    | HP: 30/136 [red devil/+2 demon trident of electrocution[an
                  | orc sorcerer] (19)]
 23603 | Snake:1  | Entered Level 1 of the Snake Pit
 23787 | Snake:1  | HP: 48/143 [alligator snapping turtle (26)]
 24163 | Snake:1  | HP: 72/144 [mana viper (14)]
 24197 | Snake:1  | HP: 68/144 [alligator snapping turtle (20)]
 24367 | Snake:1  | Received a gift from Trog
 24383 | Snake:1  | Reached skill level 19 in Fighting
 24481 | Snake:1  | Reached XP level 15. HP: 138/152 MP: 14/14
 24660 | Snake:1  | HP: 69/152 [eight-headed hydra (12)]
 24665 | Snake:1  | HP: 51/152 [eight-headed hydra (10)]
 24669 | Snake:1  | HP: 22/228 [ten-headed hydra (4)]
 24672 | Snake:1  | HP: 10/228 [ten-headed hydra (2)]
 24673 | Snake:1  | HP: 4/152 [ten-headed hydra (4)]
 24673 | Snake:1  | Mangled by a ten-headed hydra

Illustrated notes

Levels and vault maps discovered:
D:1:      minmay_arrival_loop, layout_basic, serial_curves, eino_curves_04,
          eino_curves_04, serial_shops, nicolae_shop_hallway_plus, shop, shop,
          shop, dreamdust_mushroom_princess, minivault_25
D:2:      layout_loops_ring, nicolae_figureground_pulse
D:3:      minmay_inner_zag, layout_basic, serial_shops, shop, item_on_display_a
D:4:      layout_loops_ring, nicolae_elevator_lobby_plus, uniq_sigmund
D:5:      layout_cave_pools
D:6:      layout_cave_pools, serial_shops, nicolae_stop_n_shop_2
D:7:      layout_loops_ring, minmay_temple_entry_junction_2, enter_ossuary_1,
          enter_bailey_5
D:8:      layout_gridville, grunt_temple_overflow_opulence,
          nicolae_vehumet_radiance, lightli_temple_of_fire,
          due_lair_maze_entry_diamond, uniq_joseph
D:9:      layout_stronghold, mainiacjoe_overflow_alcove_2, uniq_maurice
D:10:     layout_layer_cave, hellmonk_ghost_happy_afterlife,
          nicolae_trove_entry_diagonal, skrybe_limestone_x
D:11:     layout_big_octagon, kennysheep_cluttered_room, minivault_10,
          cheibriados_altar_1
D:12:     layout_rooms, erik_orc_4
D:13:     layout_loops_ring, david_vaults_4, hellmonk_guarded_unrand_zhor
Lair:1:   layout_regular_city
Lair:2:   beast_lair_carwin_large_2, layout_chaotic_city, minivault_26,
          serial_bayou_pond_e, serial_bayou_crossing, serial_bayou_shore_b,
          grunt_megastairs_1, lemuel_fruit_tree, infiniplex_staircase_pool
Lair:3:   layout_cave_pods, minmay_shoals_entry_beasts,
          guppyfry_snake_entry_garden, gauntlet_entry_generic,
          chequers_serial_rivers_room_a, st_stairs_3, uniq_snorg
Lair:4:   layout_cave_pods, basic_altar
Lair:5:   evil_forest, layout_big_grid, slime_entry_2, basic_altar,
          minivault_23, uniq_rupert
Snake:1:  layout_basic, nicolae_snake_herptile_family_reunion, minmay_shop_star
Orc:1:    layout_diamond_mine
Orc:2:    pf_orc_diabolical, layout_caves

Skill      XL: |  1  2  3  4  5  6  7  8  9 10 11 12 13 14 |
---------------+-------------------------------------------+-----
Fighting       | 4 5 6 7 8 9 11 12 14 16 17 19 | 19.0
Axes           | 4 5 6 7 8 9 11 12 14 15 17 18 | 18.8
Armour         | 4 6 8 10 12 14 16 17 | 17.8
Dodging        | |  2.1

Action                     |  1- 3 |  4- 6 |  7- 9 | 10-12 | 13-15 || total
---------------------------+-------+-------+-------+-------+-------++-------
  Melee: Hand axe          |    35 |       |       |       |       ||    35
         Headbutt          |    11 |    12 |    36 |    62 |   119 ||   240
         War axe           |    50 |    11 |       |       |       ||    61
         Punch             |     1 |       |       |       |       ||     1
         Battleaxe         |       |    57 |   229 |   249 |       ||   535
         Executioner's axe |       |       |       |    88 |   558 ||   646
  Throw: Throwing net      |       |       |       |       |     1 ||     1
 Invoke: Berserk           |     1 |     2 |     3 |    13 |    16 ||    35
         Trog's Hand       |       |       |       |     2 |     9 ||    11
         Brothers in Arms  |       |       |       |     1 |     3 ||     4
    Use: Scroll            |     2 |     8 |     3 |    12 |     9 ||    34
   Stab: Sleeping          |       |     1 |       |       |       ||     1
 Armour: Animal skin       |     9 |     1 |       |       |       ||    10
         Plate armour      |       |    54 |   186 |   248 |   568 ||  1056
  Dodge: Dodged            |    58 |    50 |   126 |   158 |   332 ||   724

Table legend: (Time is in decaauts)
 A = Elapsed time spent in this place.
 B = Non-inter-level travel time spent in this place.
 C = Inter-level travel time spent in this place.
 D = Time resting spent in this place.
 E = Time spent auto-exploring this place.
 F = Levels seen in this place.
 G = Mean time per level.
                   A        B        C        D        E       F      G
               +--------+--------+--------+--------+--------+-----+--------+
         Total |  25155 |  24142 |   1013 |   8551 |  11003 |  22 | 1143.4 |
       Dungeon |  15735 |  15064 |    671 |   4751 |   8071 |  13 | 1210.4 |
          Lair |   6443 |   6112 |    331 |   2218 |   2791 |   5 | 1288.6 |
     Snake Pit |    454 |    454 |      0 |     82 |      0 |   1 |  454.0 |
  Orcish Mines |   2173 |   2164 |      9 |   1397 |    113 |   2 | 1086.5 |
       Ossuary |    347 |    347 |      0 |    102 |     28 |   1 |  347.0 |
               +--------+--------+--------+--------+--------+-----+--------+

Top non-repeatable levels by time:
     D:9: 2073 daAuts
     D:8: 1928 daAuts
  Lair:3: 1901 daAuts
  Lair:1: 1689 daAuts
    D:10: 1633 daAuts
    D:11: 1548 daAuts
  Lair:2: 1467 daAuts
  Lair:4: 1384 daAuts
     D:5: 1298 daAuts
     D:3: 1242 daAuts
   Orc:1: 1179 daAuts
    D:13: 1083 daAuts
     D:4: 1079 daAuts
   Orc:2: 994 daAuts
     D:7: 918 daAuts

Levels and vault maps discovered:
D:1:      minmay_arrival_loop, layout_basic, serial_curves, eino_curves_04,
          eino_curves_04, serial_shops, nicolae_shop_hallway_plus, shop, shop,
          shop, dreamdust_mushroom_princess, minivault_25
D:2:      layout_loops_ring, nicolae_figureground_pulse
D:3:      minmay_inner_zag, layout_basic, serial_shops, shop, item_on_display_a
D:4:      layout_loops_ring, nicolae_elevator_lobby_plus, uniq_sigmund
D:5:      layout_cave_pools
D:6:      layout_cave_pools, serial_shops, nicolae_stop_n_shop_2
D:7:      layout_loops_ring, minmay_temple_entry_junction_2, enter_ossuary_1,
          enter_bailey_5
D:8:      layout_gridville, grunt_temple_overflow_opulence,
          nicolae_vehumet_radiance, lightli_temple_of_fire,
          due_lair_maze_entry_diamond, uniq_joseph
D:9:      layout_stronghold, mainiacjoe_overflow_alcove_2, uniq_maurice
D:10:     layout_layer_cave, hellmonk_ghost_happy_afterlife,
          nicolae_trove_entry_diagonal, skrybe_limestone_x
D:11:     layout_big_octagon, kennysheep_cluttered_room, minivault_10,
          cheibriados_altar_1
D:12:     layout_rooms, erik_orc_4
D:13:     layout_loops_ring, david_vaults_4, hellmonk_guarded_unrand_zhor
Lair:1:   layout_regular_city
Lair:2:   beast_lair_carwin_large_2, layout_chaotic_city, minivault_26,
          serial_bayou_pond_e, serial_bayou_crossing, serial_bayou_shore_b,
          grunt_megastairs_1, lemuel_fruit_tree, infiniplex_staircase_pool
Lair:3:   layout_cave_pods, minmay_shoals_entry_beasts,
          guppyfry_snake_entry_garden, gauntlet_entry_generic,
          chequers_serial_rivers_room_a, st_stairs_3, uniq_snorg
Lair:4:   layout_cave_pods, basic_altar
Lair:5:   evil_forest, layout_big_grid, slime_entry_2, basic_altar,
          minivault_23, uniq_rupert
Snake:1:  layout_basic, nicolae_snake_herptile_family_reunion, minmay_shop_star
Orc:1:    layout_diamond_mine
Orc:2:    pf_orc_diabolical, layout_caves

Table legend: (Time is in decaauts)
 A = Elapsed time spent in this place.
 B = Non-inter-level travel time spent in this place.
 C = Inter-level travel time spent in this place.
 D = Time resting spent in this place.
 E = Time spent auto-exploring this place.
 F = Levels seen in this place.
 G = Mean time per level.
                   A        B        C        D        E       F      G
               +--------+--------+--------+--------+--------+-----+--------+
         Total |  25155 |  24142 |   1013 |   8551 |  11003 |  22 | 1143.4 |
       Dungeon |  15735 |  15064 |    671 |   4751 |   8071 |  13 | 1210.4 |
          Lair |   6443 |   6112 |    331 |   2218 |   2791 |   5 | 1288.6 |
     Snake Pit |    454 |    454 |      0 |     82 |      0 |   1 |  454.0 |
  Orcish Mines |   2173 |   2164 |      9 |   1397 |    113 |   2 | 1086.5 |
       Ossuary |    347 |    347 |      0 |    102 |     28 |   1 |  347.0 |
               +--------+--------+--------+--------+--------+-----+--------+

Top non-repeatable levels by time:
     D:9: 2073 daAuts
     D:8: 1928 daAuts
  Lair:3: 1901 daAuts
  Lair:1: 1689 daAuts
    D:10: 1633 daAuts
    D:11: 1548 daAuts
  Lair:2: 1467 daAuts
  Lair:4: 1384 daAuts
     D:5: 1298 daAuts
     D:3: 1242 daAuts
   Orc:1: 1179 daAuts
    D:13: 1083 daAuts
     D:4: 1079 daAuts
   Orc:2: 994 daAuts
     D:7: 918 daAuts

Table legend:
 A = Kills in this place as a percentage of kills in the entire game.
 B = Kills by you in this place as a percentage of kills by you in the entire game.
 C = Kills by friends in this place as a percentage of kills by friends in the entire game.
 D = Other kills in this place as a percentage of other kills in the entire game.
 E = Experience gained in this place as a percentage of experience gained in the entire game.
 F = Experience gained in this place divided by the number of levels of this place that you have seen.
                   A       B       C       D       E      F
               +-------+-------+-------+-------+-------+----------------------
         Total | 100.0 | 100.0 | 100.0 |   N/A | 100.0 | 4742.5
       Dungeon |  52.0 |  52.9 |  22.2 |   N/A |  36.1 | 2900.2
          Lair |  23.6 |  23.3 |  33.3 |   N/A |  38.8 | 8090.8
     Snake Pit |   3.6 |   3.7 |   0.0 |   N/A |  10.9 | 11361.0
  Orcish Mines |  15.0 |  14.1 |  44.4 |   N/A |  14.0 | 7283.5
       Ossuary |   5.9 |   6.0 |   0.0 |   N/A |   0.2 | 249.0
               +-------+-------+-------+-------+-------+----------------------
